 Dungeon Crawl Stone Soup version 0.22-a0-467-g5c5de1cb09 (webtiles) character file.

3793 hell0 the Zephyrmancer (level 10, -9/50 HPs)
             Began as a Tengu Air Elementalist on June 10, 2018.
             Was an Initiate of Vehumet.
             Mangled by a two-headed ogre
             ... wielding a +0 giant club
              (19 damage)
             ... on level 8 of the Dungeon on June 11, 2018.
             The game lasted 00:58:48 (11034 turns).

hell0 the Zephyrmancer (Tengu Air Elementalist)    Turns: 11034, Time: 00:58:49

Health: -9/50      AC:  4    Str:  9    XL:     10   Next: 16%
Magic:  14/17      EV: 19    Int: 18    God:    Vehumet [......]
Gold:   443        SH:  5    Dex: 15    Spells: 10/17 levels left

rFire    . . .     SeeInvis +   T - +10 flail of Dividends {freeze, rC+}
rCold    + + .     Gourm    .   S - +0 buckler
rNeg     . . .     Faith    .   m - +1 leather armour
rPois    .         Spirit   .   (helmet restricted)
rElec    .         Reflect  .   (no cloak)
rCorr    .         Harm     .   (no gloves)
MR       .....                  (boots unavailable)
Stlth    +++.......             (no amulet)
HPRegen  0.16/turn              p - ring of protection from cold
MPRegen  0.15/turn              s - ring of see invisible

@: flying quickly and evasively, quick
A: beak, talons 3, able to fly 1
a: Renounce Religion


You were on level 8 of the Dungeon.
You worshipped Vehumet.
Vehumet was noncommittal.
You were hungry.

You visited 2 branches of the dungeon, and saw 9 of its levels.

You collected 443 gold pieces.

Inventory:

Hand Weapons
 a - a +2 hand axe of venom
 b - a +3 short sword of freezing
 x - a +4 rapier
 T - the +10 flail of Dividends (weapon) {freeze, rC+}
   (You found it on level 7 of the Dungeon)

   It has been specially enchanted to freeze those struck by it, causing extra
   injury to most foes and up to half again as much damage against particularly
   susceptible opponents.
   It can also slow down cold-blooded creatures.
   It protects you from cold.
 Z - a +0 blowgun
Missiles
 d - 254 stones
 e - 9 tomahawks
 f - 53 sling bullets
 j - 8 javelins (quivered)
 y - 103 arrows
 z - 46 bolts
 W - a throwing net {!f}
 X - 13 poisoned needles
Armour
 m - a +1 leather armour (worn)
 N - a +0 robe
 S - a +0 buckler (worn)
Jewellery
 p - a ring of protection from cold (left hand)
 s - a ring of see invisible (right hand)
Wands
 C - a wand of paralysis (5)
 Q - a wand of iceblast (11)
Scrolls
 i - 2 scrolls of magic mapping
 l - 4 scrolls of remove curse {@r2}
 n - 2 scrolls of noise {unknown}
 o - 2 scrolls of blinking {unknown}
 v - a scroll of enchant armour
 B - a scroll of amnesia
 E - 2 scrolls of teleportation
 I - 2 scrolls of enchant weapon
 P - a scroll of fog {unknown}
 R - 4 scrolls of identify {@r1}
 Y - a scroll of immolation {unknown}
Potions
 t - a potion of brilliance
 G - a potion of cancellation
 J - a potion of haste
 K - 3 potions of curing {@q1}
 O - 2 potions of heal wounds
 U - 2 potions of degeneration
 V - a potion of ambrosia
Comestibles
 c - 17 rations {@e8!d}


   Skills:
 * Level 5.1 Maces & Flails
 + Level 7.1 Dodging
 - Level 6.5 Stealth
 - Level 4.1 Shields
 - Level 4.0 Spellcasting
 + Level 8.2 Conjurations
 + Level 9.1 Air Magic


You had 10 spell levels left.
You knew the following spells:

 Your Spells              Type           Power        Failure   Level  Hunger
a - Shock                 Conj/Air       ####         1%          1    None
b - Swiftness             Chrm/Air       ###.....     4%          2    ##.....
c - Airstrike             Air            #####.....   4%          4    ####...

Your spell library contained the following spells:

 Spells                   Type           Power        Failure   Level  Hunger
 Lightning Bolt           Conj/Air       ####......   17%         5    ######.
 Confuse                  Hex            #.......     52%         3    ###....
 Throw Frost              Conj/Ice       ###...       6%          2    ##.....
 Freeze                   Ice            #...         21%         1    None
 Summon Ice Beast         Ice/Summ       #.......     90%         4    ####...
 Ozocubu's Armour         Chrm/Ice       #.......     52%         3    ###....
 Throw Icicle             Conj/Ice       ###.....     36%         4    ####...
 Confusing Touch          Hex            #.....       21%         1    None
 Metabolic Englaciation   Hex/Ice        #.........   99%         5    ######.
 Static Discharge         Conj/Air       ####....     1%          3    ###....
 Petrify                  Tmut/Erth      #.......     90%         4    ####...
 Gell's Gravitas          Tloc           #.........   52%         3    ###....
 Yara's Violent Unravell  Hex/Tmut       #.........   99%         5    ######.


Dungeon Overview and Level Annotations

Branches:
Dungeon (8/15)             Temple (1/1) D:7
   Lair: D:8-11

Altars:
Ashenzari
Cheibriados
Dithmenos
Elyvilon
Fedhas
Gozag
Hepliaklqana
Kikubaaqudgha
Makhleb
Nemelex Xobeh
Okawaru
Qazlal
Ru
Sif Muna
Trog
Uskayaw
Vehumet
Wu Jian
Xom
Zin

Shops:
D:7 [

Annotations:
D:4 NoiZ's ghost, amateur DECj
D:7 Menkaure
D:8 1 exclusion


Innate Abilities, Weirdness & Mutations

You have a beak for a mouth.
You have claws for feet.
You can fly.


Message History

You closely miss the black bear. Your peck misses the black bear.
The black bear is almost dead.
The black bear goes berserk!
You hit the black bear. You freeze the black bear.
The black bear is almost dead.
You block the black bear's attack. The black bear misses you.
You block the black bear's attack. The black bear bites you.
The black bear misses you. The black bear claws you.
You take 7 damage.
You closely miss the black bear.
You kill the black bear!
Vehumet accepts your kill.
Things that are here:
a leather armour; a hand axe You swoop lightly up into the air.
You feel very comfortable in the air.
You feel somewhat more hungry.
The two-headed ogre hits you with a giant club!!
* * * LOW HITPOINT WARNING * * *
The two-headed ogre hits you with a giant club!!
You die...

##.## #........#.#..##
#.,* #........#.#>...
##,** #........#......
*..* ####........#.#####
*#.* #...............#
#.#* #.###.....###.#.##*
*..* #.#####_#####h#...,
*#.###.###.....###......
*..##.@...[............
*#.####O...............
#<###....##...........
#..[...#####.....P....
######.....#####....≈≈≈≈≈≈
#..............#....≈≈≈≈≈≈
#.........#.)..#....≈≈###*
#..............#....≈≈#,,,
######....#....#....≈≈#,,,


You could see a two-headed ogre.

Vanquished Creatures
  A hippogriff (D:8)
  A spriggan (D:7)
  A wyvern (D:8)
  A hungry ghost (D:8)
  3 wargs (D:8)
  An ice beast (D:3)
  An orc warrior (D:8)
  2 sky beasts (D:5)
  A black bear (D:8)
  An eye of draining (D:8)
  4 ogres
  A phantom (D:7)
  2 centaurs
  2 big kobolds
  2 bullfrogs
  3 scorpions
  4 howler monkeys
  3 bullfrog zombies
  2 crimson imps
  A centaur zombie (D:6)
  A jelly (D:4)
  3 orc priests
  3 hounds
  A centaur skeleton (D:6)
  A gnoll shaman (D:6)
  A bullfrog skeleton (D:6)
  Ijyb (D:3)
  5 worker ants
  An iguana (D:8)
  2 orc wizards
  A hound skeleton (D:5)
  2 worker ant zombies
  10 gnolls
  8 adders
  3 shadow imps
  2 oozes
  2 adder zombies
  An adder skeleton (D:6)
  2 worms
  7 leopard geckos
  30 orcs
  2 ball pythons
  6 giant cockroaches
  11 goblins
  8 hobgoblins
  22 jackals
  21 kobolds
  3 quokkas
  10 bats
  4 frilled lizards
  A leopard gecko skeleton (D:8)
  8 rats
220 creatures vanquished.

Notes
Turn   | Place    | Note
-------+----------+-------------------------------------------
     0 | D:1      | hell0 the Tengu Air Elementalist began the quest for the Orb.
     0 | D:1      | Reached XP level 1. HP: 10/10 MP: 4/4
   268 | D:1      | Reached XP level 2. HP: 15/15 MP: 3/6
   695 | D:1      | Learned a level 2 spell: Swiftness
   717 | D:1      | Reached XP level 3. HP: 19/19 MP: 4/7
  1669 | D:2      | Reached XP level 4. HP: 24/24 MP: 3/8
  2091 | D:2      | Learned a level 4 spell: Airstrike
  2435 | D:2      | Reached skill level 5 in Air Magic
  2435 | D:2      | Gained mutation: You can fly. [Tengu growth]
  2435 | D:2      | Reached XP level 5. HP: 9/28 MP: 0/9
  3146 | D:3      | Found a stormy altar of Qazlal.
  3978 | D:3      | Noticed Ijyb
  4081 | D:3      | Paralysed by Ijyb for 7 turns
  4096 | D:3      | Paralysed by Ijyb for 5 turns
  4110 | D:3      | Paralysed by Ijyb for 3 turns
  4118 | D:3      | Killed Ijyb
  4118 | D:3      | Reached XP level 6. HP: 32/32 MP: 3/10
  4282 | D:4      | Noticed an ice beast
  4331 | D:3      | Killed an ice beast
  4720 | D:4      | Noticed NoiZ's ghost (amateur DECj)
  4997 | D:3      | Reached skill level 6 in Air Magic
  4997 | D:3      | Reached XP level 7. HP: 20/36 MP: 5/11
  5245 | D:4      | Reached skill level 5 in Conjurations
  5771 | D:5      | Entered Level 5 of the Dungeon
  6046 | D:5      | Reached skill level 5 in Dodging
  6203 | D:5      | sky beasts
  6342 | D:5      | Reached XP level 8. HP: 41/41 MP: 8/12
  6346 | D:5      | Reached skill level 5 in Stealth
  6618 | D:5      | Reached skill level 7 in Air Magic
  7563 | D:6      | Found an iron altar of Okawaru.
  7565 | D:6      | Found a burning altar of Makhleb.
  7569 | D:6      | Found a snail-covered altar of Cheibriados.
  7863 | D:6      | Reached skill level 1 in Shields
  8237 | D:6      | Reached XP level 9. HP: 32/45 MP: 6/15
  8602 | D:7      | Found Kiumos's Antique Armour Boutique.
  8605 | D:7      | Got a twisted flail
  8610 | D:7      | Identified the +10 flail of Dividends {freeze, rC+} (You found it on level 7 of the Dungeon)
  8873 | D:7      | Reached skill level 1 in Maces & Flails
  8873 | D:7      | Reached skill level 8 in Air Magic
  8984 | D:7      | Noticed Menkaure
  9686 | D:7      | Found a staircase to the Ecumenical Temple.
  9855 | D:8      | Noticed a two-headed ogre
  9924 | D:8      | Found a shattered altar of Ashenzari.
 10574 | D:8      | Reached XP level 10. HP: 36/50 MP: 5/17
 10740 | D:8      | Reached skill level 9 in Air Magic
 10778 | Temple   | Entered the Ecumenical Temple
 10936 | Temple   | Became a worshipper of Vehumet
 11008 | D:8      | Reached skill level 5 in Maces & Flails
 11034 | D:8      | Mangled by a two-headed ogre

Vault maps used:
D:1:      minmay_arrival_widening_spiral_wide, minmay_hedge_maze, hex_tiny
D:3:      kennysheep_goblin_castle, lemuel_crystal_altar, columned_hall_lemuel
D:4:      first_ration
D:5:      minmay_misc_feat_cross
D:6:      gammafunk_temple_overflow_forgotten
D:7:      minmay_temple_entry_from_below_b, serial_shops, shop, the_bakery,
          st_stairs_7, uniq_menkaure
D:8:      lemuel_castle_with_subvaults, special_room,
          cheibrodos_ashenzari_chains
Temple:   eino_temple_rhombus

Skill      XL: |  1  2  3  4  5  6  7  8  9 10 |
---------------+-------------------------------+-----
Conjurations   | 2 3 4 5 6 7 8 |  8.2
Dodging        | 3 4 5 6 7 |  7.1
Stealth        | 3 4 5 6 |  6.5
Air Magic      | 5 6 7 8 9 |  9.1
Spellcasting   | 3 4 |  4.0
Shields        | 2 4 |  4.1
Maces & Flails | 4 5 |  5.1

Action                   |  1- 3 |  4- 6 |  7- 9 | 10-12 || total
-------------------------+-------+-------+-------+-------++-------
Melee: Unarmed           |     1 |       |       |       ||     1
       Short sword       |       |    25 |    28 |       ||    53
       Kick              |       |     5 |    21 |     5 ||    31
       Peck              |       |     3 |    12 |     1 ||    16
       Hand axe          |       |       |    19 |       ||    19
       Rapier            |       |       |    12 |       ||    12
       Flail             |       |       |    33 |    27 ||    60
Throw: Javelin           |     1 |       |       |       ||     1
 Cast: Shock             |    65 |   151 |   197 |    13 ||   426
       Airstrike         |       |       |    29 |     5 ||    34
 Abil: Fly               |       |    15 |    10 |     1 ||    26
Evoke: Wand              |       |       |     2 |       ||     2
  Use: Scroll            |       |     4 |     9 |     1 ||    14
       Potion            |       |       |     1 |       ||     1
 Stab: Sleeping          |       |     1 |     4 |       ||     5
       Distracted        |       |       |       |     1 ||     1
  Eat: Chunk             |     3 |    15 |    24 |     3 ||    45
Armor: Robe              |     2 |       |       |       ||     2
       Leather armour    |     1 |     9 |    21 |     4 ||    35
Dodge: Dodged            |    15 |    35 |    98 |    21 ||   169
Block: Buckler           |       |       |     1 |     8 ||     9

Table legend:
 A = Spawn XP
 B = Non-spawn XP
 C = Spawn XP percentage of total XP
 D = Spawn monster count
 E = Non-spawn monster count
 F = Spawn count percentage of total count
 G = Total turns spent on level
                    A         B        C        D         E        F      G
               +---------+---------+-------+---------+---------+-------+---------
         Total |       0 |    5419 |   0.0 |       0 |     220 |   0.0 | 11034
               +---------+---------+-------+---------+---------+-------+---------
           D:1 |       0 |      63 |   0.0 |       0 |      28 |   0.0 |  1564
           D:2 |       0 |     105 |   0.0 |       0 |      20 |   0.0 |  1031
           D:3 |       0 |     427 |   0.0 |       0 |      47 |   0.0 |  2310
           D:4 |       0 |     366 |   0.0 |       0 |      21 |   0.0 |  1233
           D:5 |       0 |     713 |   0.0 |       0 |      23 |   0.0 |  1256
           D:6 |       0 |     760 |   0.0 |       0 |      20 |   0.0 |  1093
           D:7 |       0 |     728 |   0.0 |       0 |      22 |   0.0 |  1390
           D:8 |       0 |    2257 |   0.0 |       0 |      39 |   0.0 |   982
               +---------+---------+-------+---------+---------+-------+---------
